cohdb
Replays
Latest Replays
All Replays
Popular Replays
Top Player Replays
Match Explorer
How It Works
Community
CoH3 Stats
Reddit
Sign in to upload your games and track your stats! →
Sign in with Steam
Match 40525480
Unlisted
Match 40525480
Overview
Messages
Build Orders
End
Panzergrenadier Squad
Panzergrenadier Squad
250 Light Carrier
Selects Panzerjäger Kommand Battlegroup
Selects Mine Fields
Construct Light Support Kompanie
MG34 Team
Fire Support Elements
Combat Half-tracks
Flakvierling Half-track
Panzerjäger Mechanized Group
Selects Defensive Positions
2.5-tonne Medical Truck
Pak 38 Anti-tank Gun Team
Selects Tank Busters
Construct Panzerarmee Kommand
Vehicle Survival Package
Selects Butterfly Bomb Drop
Panzer III L Medium Tank
Selects Crew Shock Tactics
Walking Stuka Rocket Launcher
Armored Reserves
Assault Grenadier Squad
Tiger Heavy Tank
Panzerpioneer Squad
Emergency Repair Kits
Panzer III L Medium Tank
Rapid Advance
Selects Anti-tank Overwatch
Panzer IV Assault Group
Tungsten Core Ammunition
Anti-tank Overwatch
Panzer III L Medium Tank
Panzer III L Medium Tank
Tiger Heavy Tank
Naratik
SmokingSean
Schillou
Sengoku10
Talchok
sexytimeplz
ßoo
buzz-tl
0
0
Comments
sign in to comment!
No comments posted yet!